Description

Glaive adept timing into dt's

VOD

https://www.youtube.com/watch?v=2mF2-8BXY50&list=PLbVNzAA7sXzCRQlb9UMKYnEasQNu6PIxF&index=9

Replay - 2019-09-22 - (P)Harstem VS (P)A.I. 1 (Very Easy)

Build Order

Get SALT Encoding   

  12  0:01  Probe  
  13  0:13  Probe  
  14  0:20  Pylon  
  14  0:25  Probe  
  15  0:38  Probe (Chrono Boost)  
  16  0:45  Gateway  
  16  0:47  Probe (Chrono Boost)  
  17  0:51  Assimilator  
  17  0:52  Probe (Chrono Boost)  
  18  1:04  Probe  
  19  1:16  Probe  
  20  1:25  Nexus  
  20  1:32  Cybernetics Core  
  20  1:36  Probe  
  21  1:42  Assimilator  
  21  1:48  Probe  
  21  1:51  Pylon  
  22  2:00  Probe  
  23  2:07  Adept (Chrono Boost)  
  23  2:12  Probe (Chrono Boost)  
  26  2:20  Twilight Council  
  27  2:23  Probe x2 (Chrono Boost), Warp Gate  
  28  2:31  Stalker (Chrono Boost)  
  30  2:38  Probe x2  
  32  2:50  Probe x2  
  34  2:51  Robotics Facility  
  34  3:02  Probe x2  
  36  3:14  Probe x2  
  36  3:15  Gateway x2  
  36  3:19  Resonating Glaives (Chrono Boost)  
  39  3:31  Gateway x2  
  39  3:36  Warp Prism (Chrono Boost)  
  39  3:37  Probe  
  41  3:45  Pylon, Probe x2  
  42  3:51  Pylon  
  43  3:56  Assimilator x2  
  43  3:57  Probe x2  
  45  4:12  Adept x3  
  45  4:14  Pylon  
  53  4:25  Pylon  
  53  4:30  Adept x5  
  61  4:40  Dark Shrine  
  61  4:54  Adept x5  
  61  4:58  Pylon x2  
  71  5:15  Adept x5  
  71  5:20  Probe x2  
  83  5:31  Pylon  
  83  5:32  Probe  
  85  5:45  Adept x5  
  94  6:02  Pylon  
  94  6:03  Dark Templar x3  
Spawning Tool Build Advisor. Get it on Overwolf

Go to:

Details

  • Created by: joeypow
  • Published on: Jan 17, 2020
  • Modified on: Jan 17, 2020
  • Patch: 4.11.0
Show
View Real Time Build Order
Export as new Build Order

Comments (0)

There are no comments. Be the first!

Create an account to comment!